Workbook

Sheet Приложение 1
D1: факт за 1 полугодие 2015 года | AB1: ПРОЕКТ
D2: факт за 1 полугодие 2015 года | AA2: Приложение 1
A3: Система мероприятий Комплексного инвестиционного плана модернизации муниципального образования "город Усолье-Сибирское" на 2013-2017 годы | AF3: объемы финансирования 2015-2020
T4: Приложение 1 | X4: Приложение 1
R5: к отчету о ходе реализации комплексного инвестиционного плана модернизации муниципального образования "город Усолье-Сибирское"за 2015 год | X5: к комплексному инвестиционному плану модернизации муниципального образования "город Усолье-Сибирское" на 2013-2017 годы
A7: Отчет о реализации мероприятий комплексного инвестиционного плана модернизации муниципального образования "город Усолье-Сибирское" на 2013-2017 годы за 2015 год
A9: № мероприятия | B9: Наименование мероприятия | C9: Наименование долгосрочной целевой программы (далее - ДЦП), федеральной целевой программы (далее-ФЦП), государственной программы (далее - ГП), подпрограммы государственной программы (далее - ПП ГП) и других механизмов, через которые планируется финансирование мероприятия | D9: Срок реализации | E9: Объем финансирования, тыс. рублей | S9: Форма собственности/ наличие проектно-сметной документации, далее - ПСД | T9: Мощность (в соответствующих единицах) | U9: Экономический эффект (прибыль, млн.руб.) | V9: Создаваемые постоянные рабочие места, ед. | X9: Создание временных рабочих мест, ед. | Y9: Вклад в бюджетную систему Российской Федерации, тыс. рублей | AC9: Выручка ОТ ПРОИЗВОДСТВА | AD9: Выручка от СТРОИТЕЛЬСТВА
E10: Всего | G10: федеральный бюджет | I10: областной бюджет | K10: местный бюджет | M10: собственные средства хозяйствующих субъектов | O10: кредиты коммерческих банков, гранты фондов | Q10: фонд содействия реформированию жилищно-коммунального хозяйства* | Y10: всего | Z10: в федеральный бюджет | AA10: в областной бюджет | AB10: в местный бюджет | AF10: федеральный бюджет | AG10: областной бюджет | AH10: местный бюджет
E11: План | F11: Факт | G11: План | H11: Факт | I11: План | J11: Факт | K11: План | L11: Факт | M11: План | N11: Факт | O11: План | P11: Факт | Q11: План | R11: Факт | V11: План | W11: Факт
B12: ИТОГО ПО ПРОГРАММЕ | D12: 2015 | E12: =G12+I12+K12+M12+O12+Q12 -> 1687932 | F12: =H12+J12+L12+N12+P12+R12 -> 493391 | G12: =G16+G26+G32+G51+G60 -> 61596 | H12: =H16+H26+H32+H51+H60 -> 2871 | I12: =I16+I26+I32+I51+I60 -> 117971 | J12: =J16+J26+J32+J51+J60 -> 101596 | K12: =K16+K26+K32+K51+K60 -> 20458 | L12: =L16+L26+L32+L51+L60 -> 18413 | M12: =M16+M26+M32+M51+M60 -> 611522 | N12: =N16+N26+N32+N51+N60 -> 250002 | ... AB12: =AB16+AB26+AB32+AB51+AB60 -> #REF! | AC12: =#REF!+#REF!+#REF!+#REF! -> #REF! | AD12: =#REF!+#REF!+#REF!+#REF! -> #REF! | AE12: =#REF!+#REF!+#REF!+#REF!+#REF!+#REF!+#REF!+#REF!+#REF!+#REF!+#REF!+#REF!+#REF!+#REF!+#REF!+#REF!+#REF!+#REF!+AD12*0.35 -> #REF!
B13: ИСПОЛНЕНИЕ: | F13: =F12/E12 -> 0.29230502 | H13: =H12/G12 -> 0.046610169 | J13: =J12/I12 -> 0.8611947 | L13: =L12/K12 -> 0.9000391 | N13: =N12/M12 -> 0.40881931 | P13: =P12/O12 -> 0.023961219 | R13: =R12/Q12 -> 0.66851702 | W13: =W12/V12 -> 0.32330827
A14: I. СОЗДАНИЕ УСЛОВИЙ ДЛЯ РАЗВИТИЯ ЭКОНОМИЧЕСКОГО ПОТЕНЦИАЛА ТЕРРИТОРИИ ГОРОДА УСОЛЬЕ-СИБИРСКОЕ
A15: ЗАДАЧА 1. РАЗВИТИЕ МЕСТНОЙ ПРОМЫШЛЕННОСТИ
B16: ИТОГО ПО ЗАДАЧЕ I. | D16: 2015 | E16: =G16+I16+K16+M16+O16+Q16 -> 1362100 | F16: =H16+J16+L16+N16+P16+R16 -> 174900 | G16: =G18+G23+G24 -> 59000 | H16: =H18+H23+H24 -> 0 | I16: =I18+I23+I24 -> 0 | J16: =J18+J23+J24 -> 0 | K16: =K18+K23+K24 -> 0 | L16: =L18+L23+L24 -> 0 | M16: =M18+M23+M24 -> 581100 | N16: =N18+N23+N24 -> 157600 | ... U16: =U18+U23+U24 -> 0 | V16: =V18+V22+V23+V24 -> 282 | W16: =W18+W22+W23+W24 -> 28 | X16: =X18+#REF!+X23+X24 -> #REF! | Y16: =Y18+#REF!+Y23+Y24 -> #REF! | Z16: =Z18+#REF!+Z23+Z24 -> #REF! | AA16: =AA18+#REF!+AA23+AA24 -> #REF! | AB16: =AB18+#REF!+AB23+AB24 -> #REF! | AC16: =#REF!+#REF!+#REF!+#REF! -> #REF! | AD16: =#REF!+#REF!+#REF!+#REF! -> #REF! | AE16: =#REF!+#REF!+#REF!+#REF!+#REF!+#REF!+#REF!+#REF!+#REF!+#REF!+#REF!+#REF!+#REF!+#REF!+#REF!+#REF!+#REF!+#REF!+AD16*0.35 -> #REF!
B17: ИСПОЛНЕНИЕ: | F17: =F16/E16 -> 0.12840467 | H17: =H16/G16 -> 0 | J17: - | L17: - | N17: =N16/M16 -> 0.27120977 | P17: =P16/O16 -> 0.023961219 | R17: - | W17: =W16/V16 -> 0.09929078
A18: 1.1 | B18: Создание химико-фармацевтического кластера, в том числе: | D18: 2015 | E18: =G18+I18+K18+M18+O18+Q18 -> 1288600 | F18: =H18+J18+L18+N18+P18+R18 -> 174900 | G18: =G19+G20+G21 -> 51000 | H18: =H19+H20+H21 -> 0 | I18: =I19+I20+I21 -> 0 | J18: =J19+J20+J21 -> 0 | K18: =K19+K20+K21 -> 0 | L18: =L19+L20+L21 -> 0 | M18: =M19+M20+M21 -> 515600 | N18: =N19+N20+N21 -> 157600 | ... R18: =R19+R20+R21 -> 0 | V18: =V19+V20+V21 -> 219 | W18: =W19+W20+W21 -> 28 | X18: =X19+X20+X21 -> 0 | Y18: =Y19+Y20+Y21 -> #REF! | Z18: =Z19+Z20+Z21 -> 76374 | AA18: =AA19+AA20+AA21 -> #REF! | AB18: =AB19+AB20+AB21 -> #REF! | AC18: =AC19+AC20+AC21 -> 0 | ... AJ18: =AJ19+AJ20+AJ21 -> 0
A19: 1.1.1. | B19: Создание цеха готовых лекарственных форм на 4 участка твердых форм (таблетка) и 1 участок жидких лекарственных форм (необходимые объекты инфраструктуры: восстановление инженерных сетей водоснабжения и химстоков - 65 млн. руб.; комплектация азотной станцией - 15 млн. руб.; ремонт авто- и ж/д полотна, подъезных путей - 18 млн. руб.; модернизация приточно-вытяжной вентиляции производственных помещений - 20 млн. руб.) | C19: ОАО "Усолье-Сибирский химфармзавод" | D19: 2015 | E19: =G19+I19+K19+M19+O19+Q19 -> 507000 | F19: =H19+J19+L19+N19+P19+R19 -> 38000 | G19: 51000 | M19: 42000 | N19: 38000 | O19: 414000 | V19: 163 | W19: 28 | Y19: =SUM(Z19:AB19) -> #REF! | Z19: =E19*0.5*0.18 -> 45630 | AA19: =(V19+#REF!+#REF!)*[1]зп!$E$3*12*0.13*0.735/1000+X19*[1]зп!$E$2*12*0.13*0.735/1000 -> #REF! | AB19: =(V19+#REF!+#REF!)*[1]зп!$E$3*12*0.13*0.265/1000+X19*[1]зп!$E$2*12*0.13*0.265/1000 -> #REF!
A20: 1.1.2. | B20: Восстановление и модернизация базовых производств синтеза лекарственных субстанций до проектных мощностей | C20: ОАО "Усолье-Сибирский химфармзавод" | D20: 2015 | E20: =G20+I20+K20+M20+O20+Q20 -> 341600 | F20: =H20+J20+L20+N20+P20+R20 -> 136900 | M20: =44000-10400 -> 33600 | N20: 119600 | O20: 308000 | P20: 17300 | V20: 56 | W20: 0 | Y20: =SUM(Z20:AB20) -> #REF! | Z20: =E20*0.5*0.18 -> 30744 | AA20: =(V20+#REF!+#REF!)*[1]зп!$E$3*12*0.13*0.735/1000+X20*[1]зп!$E$2*12*0.13*0.735/1000 -> #REF! | AB20: =(V20+#REF!+#REF!)*[1]зп!$E$3*12*0.13*0.265/1000+X20*[1]зп!$E$2*12*0.13*0.265/1000 -> #REF!
A21: 1.1.3. | B21: Инновационное производство онкологических препаратов | C21: ОАО "Усолье-Сибирский химфармзавод" | D21: 2015 | E21: =G21+I21+K21+M21+O21+Q21 -> 440000 | F21: =H21+J21+L21+N21+P21+R21 -> 0 | M21: 440000 | Y21: =SUM(Z21:AB21) -> #REF! | Z21: 0 | AA21: =(V21+#REF!+#REF!)*[1]зп!$E$3*12*0.13*0.735/1000+X21*[1]зп!$E$2*12*0.13*0.735/1000 -> #REF! | AB21: =(V21+#REF!+#REF!)*[1]зп!$E$3*12*0.13*0.265/1000+X21*[1]зп!$E$2*12*0.13*0.265/1000 -> #REF!
A22: 1.2. | B22: Создание производства клемм АРС-4 | C22: ООО "Холдинг АРС" | D22: 2015 | V22: 45
A23: 1.3. | B23: Строительство завода по производству гранулированного чугуна (необходимые объекты инфраструктуры: линия электропередачи - 12 млн. руб.; хозяйственно-питьевой и пожарный водовод - 8,5 млн. руб.; система отведения хозяйственно-бытовых стоков - 7,5 млн. руб.; ж/д тупик для слива нефтепродуктов - 11 млн. руб.; ж/д тупик для разгрузки сыпучих материалов - 48 млн. руб.; автодорога общего пользования - 9 млн. руб.) | C23: ООО "МК "Альянс" | D23: 2015 | E23: =G23+I23+K23+M23+O23+Q23 -> 48500 | F23: =H23+J23+L23+N23+P23+R23 -> 0 | G23: 8000 | M23: =41000-500 -> 40500 | V23: 8 | W23: 0 | X23: 0 | Y23: =SUM(Z23:AB23) -> #REF! | Z23: =E23*0.5*0.18 -> 4365 | AA23: =(V23+#REF!+#REF!)*[1]зп!$E$3*12*0.13*0.735/1000+X23*[1]зп!$E$2*12*0.13*0.735/1000 -> #REF! | AB23: =(V23+#REF!+#REF!)*[1]зп!$E$3*12*0.13*0.265/1000+X23*[1]зп!$E$2*12*0.13*0.265/1000+73 -> #REF!
A24: 1.4. | B24: Создание производства ферросплавов (понижающая электроподстанция - 150 млн. руб.; подъездные ж/д пути - 60 млн. руб.; внешние сети водоснабжения и водоотведения - 6 млн. руб.) | C24: ООО "ИТЭМ-инжиниринг" | D24: 2015 | E24: =G24+I24+K24+M24+O24+Q24 -> 25000 | F24: =H24+J24+L24+N24+P24+R24 -> 0 | M24: 25000 | V24: 10 | W24: 0 | X24: 0 | Y24: =SUM(Z24:AB24) -> #REF! | Z24: =E24*0.5*0.18 -> 2250 | AA24: =(V24+#REF!+#REF!)*[1]зп!$E$3*12*0.13*0.735/1000+X24*[1]зп!$E$2*12*0.13*0.735/1000 -> #REF! | AB24: =(V24+#REF!+#REF!)*[1]зп!$E$3*12*0.13*0.265/1000+X24*[1]зп!$E$2*12*0.13*0.265/1000 -> #REF!
A25: ЗАДАЧА 2. РАЗВИТИЕ МАЛОГО И СРЕДНЕГО ПРЕДПРИНИМАТЕЛЬСТВА
B26: ИТОГО ПО РАЗВИТИЮ МАЛОГО И СРЕДНЕГО ПРЕДПРИНИМАТЕЛЬСТВА | D26: 2015 | E26: =G26+I26+K26+M26+O26+Q26 -> 2508 | F26: =H26+J26+L26+N26+P26+R26 -> 2415 | G26: =G28+G29+G30 -> 1578 | H26: =H28+H29+H30 -> 1745 | I26: =I28+I29+I30 -> 445 | J26: =J28+J29+J30 -> 238 | K26: =K28+K29+K30 -> 158 | L26: =L28+L29+L30 -> 117 | M26: =M28+M29+M30 -> 327 | N26: =N28+N29+N30 -> 315 | ... R26: =R28+R29+R30 -> 0 | U26: =#REF!+#REF!+#REF!+#REF!+#REF!+#REF! -> #REF! | V26: =V28+V29+V30 -> 57 | W26: =W28+W29+W30 -> 45 | X26: =X28+X29+X30 -> 0 | Y26: =Y28+Y29+Y30 -> #REF! | Z26: =Z28+Z29+Z30 -> 0 | AA26: =AA28+AA29+AA30 -> #REF! | AB26: =AB28+AB29+AB30 -> #REF! | AC26: =#REF!+#REF!+#REF!+#REF!+#REF!+#REF! -> #REF! | AD26: =#REF!+#REF!+#REF!+#REF!+#REF!+#REF! -> #REF!
B27: ИСПОЛНЕНИЕ: | F27: =F26/E26 -> 0.96291866 | H27: =H26/G26 -> 1.1058302 | J27: =J26/I26 -> 0.53483146 | L27: =L26/K26 -> 0.74050633 | N27: =N26/M26 -> 0.96330275 | P27: - | R27: - | W27: =W26/V26 -> 0.78947368
A28: 2.1. | B28: Оказание финансовой поддержки субъектам малого и среднего предпринимательства | C28: МП города Усолье-Сибирское "Муниципальная поддержка приоритетных отраслей экономики " на 2015-2018 годы, подпрограмма "Поддержка и развитие малого и среднего предпринимательства в Иркутской области" на 2015 - 2020 годы ГП Иркутской области " Экономическое развитие и инновационная экономика" на 2015-2020 годы | D28: 2015 | E28: =G28+I28+K28+M28+O28+Q28 -> 2508 | F28: =H28+J28+L28+N28+P28+R28 -> 2415 | G28: 1578 | H28: 1745 | I28: 445 | J28: 238 | K28: 158 | L28: 117 | M28: 327 | N28: 315 | V28: 33 | W28: 21 | X28: 0 | Y28: =SUM(Z28:AB28) -> #REF! | Z28: 0 | AA28: =(V28+#REF!+#REF!)*[1]зп!E10*12*0.13*0.735/1000 -> #REF! | AB28: =(V28+#REF!+#REF!)*[1]зп!E10*12*0.13*0.265/1000 -> #REF!
A29: 2.2. | B29: Содействие развитию НКО "Фонд" поддержки малого и среднего предпринимательства города Усолье-Сибирское" | C29: Подпрограмма "Поддержка и развитие малого и среднего предпринимательства в Иркутской области" на 2015 - 2018 годы ГП Иркутской области " Экономическое развитие и инновационная экономика" на 2015-2020 годы | D29: 2015 | E29: =G29+I29+K29+M29+O29+Q29 -> 0 | F29: =H29+J29+L29+N29+P29+R29 -> 0 | V29: 24 | W29: 24 | X29: 0 | Y29: =SUM(Z29:AB29) -> #REF! | Z29: 0 | AA29: =(V29+#REF!+#REF!)*[1]зп!$E$3*12*0.13*0.735/1000+X29*[1]зп!$E$2*12*0.13*0.735/1000 -> #REF! | AB29: =(V29+#REF!+#REF!)*[1]зп!$E$3*12*0.13*0.265/1000+X29*[1]зп!$E$2*12*0.13*0.265/1000 -> #REF!
A30: 2.3. | B30: Создание благоприятных условий для роста предпринимательской активности, развития торговли, общественного питания и бытового обслуживания, и обеспечение доступности товаров и услуг для социально незащищенной категории граждан | C30: ВЦП "Развитие розничной и оптовой торговли, общественного питания и бытовых услуг города Усолье-Сибирское на 2013 – 2017 годы " | D30: 2015 | E30: =G30+I30+K30+M30+O30+Q30 -> 0 | F30: =H30+J30+L30+N30+P30+R30 -> 0 | X30: =INT((E30*0.7)/1000) -> 0 | Y30: =SUM(Z30:AB30) -> 0 | Z30: 0 | AA30: 0 | AB30: 0
A31: ЗАДАЧА 3. РАЗВИТИЕ И МОДЕРНИЗАЦИЯ ИНФРАСТРУКТУРЫ, УЛУЧШЕНИЕ ЭКОЛОГИЧЕСКОЙ СИТУАЦИИ
B32: ИТОГО ПО РАЗВИТИЮ И МОДЕРНИЗАЦИИ ИНФРАСТРУКТУРЫ | D32: 2015 | E32: =E35+E36+E38+E39+E40+E41+E42+E44+E45+E46+E48 -> 309764 | F32: =F35+F36+F38+F39+F40+F41+F42+F44+F45+F46+F48 -> 305782 | G32: =G35+G36+G38+G39+G40+G41+G42+G44+G45+G46+G48 -> 0 | H32: =H35+H36+H38+H39+H40+H41+H42+H44+H45+H46+H48 -> 0 | I32: =I35+I36+I38+I39+I40+I41+I42+I44+I45+I46+I48 -> 105830 | J32: =J35+J36+J38+J39+J40+J41+J42+J44+J45+J46+J48 -> 94638 | K32: =K35+K36+K38+K39+K40+K41+K42+K44+K45+K46+K48 -> 19454 | L32: =L35+L36+L38+L39+L40+L41+L42+L44+L45+L46+L48 -> 16955 | ... AJ32: =AJ35+AJ36+AJ38+AJ39+AJ40+AJ41+AJ42+AJ44+AJ45+AJ46+AJ48 -> 0
B33: ИСПОЛНЕНИЕ: | F33: =F32/E32 -> 0.98714505 | H33: - | J33: =J32/I32 -> 0.89424549 | L33: =L32/K32 -> 0.87154313 | N33: =N32/M32 -> 3.0230935 | P33: - | R33: =R32/Q32 -> 0.66851702 | W33: -
A34: 3.1. РАЗВИТИЕ ТРАНСПОРТА
A35: 3.1.1. | B35: Ремонт автомобильных дорог общего пользования, ремонт улично-дорожной сети | C35: МП города Усолье-Сибирское "Развитие жилищно-коммунального хозяйства" на 2015-2018 годы, подпрограмма " Создание условий для развития садоводческих, огороднических и дачных некоммерческих объединений граждан в Иркутской области" ГП Иркутской области "Развитие сельского хозяйства и регулирования рынков сельскохозяйственной продукции, сырья и продовольствия" на 2014-2020 годы, ГП Иркутской области "Экономическое развитие и инновационная экономика" на 2015 - 2020 годы (проект "Народные инициативы") | D35: 2015 | E35: =G35+I35+K35+M35+O35+Q35 -> 18856 | F35: =H35+J35+L35+N35+P35+R35 -> 15532 | I35: 15670 | J35: 11371 | K35: =3186 -> 3186 | L35: 4161 | X35: 0 | Y35: =SUM(Z35:AB35) -> #REF! | Z35: 0 | AA35: =(V35+#REF!+#REF!)*[1]зп!$E$3*12*0.13*0.735/1000+X35*[1]зп!$E$2*12*0.13*0.735/1000 -> #REF! | AB35: =(V35+#REF!+#REF!)*[1]зп!$E$3*12*0.13*0.265/1000+X35*[1]зп!$E$2*12*0.13*0.265/1000 -> #REF!
A36: 3.1.2. | B36: Ремонт проездов к дворовым территориям многоквартирных домов | C36: МП города Усолье-Сибирское "Развитие жилищно-коммунального хозяйства" на 2015-2018 годы | D36: 2015 | E36: =G36+I36+K36+M36+O36+Q36 -> 5000 | F36: =H36+J36+L36+N36+P36+R36 -> 4668 | K36: 5000 | L36: 4668 | X36: =INT((E36)/5965) -> 0 | Y36: =SUM(Z36:AB36) -> #REF! | Z36: 0 | AA36: =(V36+#REF!+#REF!)*[1]зп!$E$3*12*0.13*0.735/1000+X36*[1]зп!$E$2*12*0.13*0.735/1000 -> #REF! | AB36: =(V36+#REF!+#REF!)*[1]зп!$E$3*12*0.13*0.265/1000+X36*[1]зп!$E$2*12*0.13*0.265/1000 -> #REF!
A37: 3.2 РАЗВИТИЕ ИНЖЕНЕРНОЙ И ЭНЕРГЕТИЧЕСКОЙ ИНФРАСТРУКТУР
A38: 3.2.1. | B38: Строительство КЛ-6кВ ГПП-1-ТП-1 для электроснабжения ТНС-1 | C38: ОГУЭП "Облкоммунэнерго" | D38: 2015 | E38: =G38+I38+K38+M38+O38+Q38 -> 1130 | F38: =H38+J38+L38+N38+P38+R38 -> 0 | I38: 1130 | X38: =INT((E38)/5965) -> 0 | Y38: =SUM(Z38:AB38) -> #REF! | Z38: 0 | AA38: =(V38+#REF!+#REF!)*[1]зп!$E$3*12*0.13*0.735/1000+X38*[1]зп!$E$2*12*0.13*0.735/1000 -> #REF! | AB38: =(V38+#REF!+#REF!)*[1]зп!$E$3*12*0.13*0.265/1000+X38*[1]зп!$E$2*12*0.13*0.265/1000 -> #REF!
A39: 3.2.4. | B39: Строительство водопровода в целях водоснабжения населения, проживающего по улицам Российская, Ленинградская | C39: Подпрограмма "Чистая вода" на 2014-2018 годы ГП Иркутской области "Развитие жилищно-коммунального хозяйства Иркутской области" на 2014-2018 годы, МП города Усолье-Сибирское "Развитие жилищно-коммунального хозяйства" на 2015-2018 годы, ООО "АкваСервис" | D39: 2015 | E39: =G39+I39+K39+M39+O39+Q39 -> 7873 | F39: =H39+J39+L39+N39+P39+R39 -> 200 | I39: 4857 | K39: 555 | L39: 200 | M39: 2461 | X39: 0 | Z39: 0 | AA39: =(V39+#REF!+#REF!)*[1]зп!$E$3*12*0.13*0.735/1000+X39*[1]зп!$E$2*12*0.13*0.735/1000 -> #REF! | AB39: =(V39+#REF!+#REF!)*[1]зп!$E$3*12*0.13*0.265/1000+X39*[1]зп!$E$2*12*0.13*0.265/1000 -> #REF!
A40: 3.2.6. | B40: Актуализация схемы теплоснабжения и схем водоснабжения и водоотведения | C40: МП города Усолье-Сибирское "Развитие жилищно-коммунального хозяйства" на 2015-2018 годы | D40: 2015 | E40: =G40+I40+K40+M40+O40+Q40 -> 500 | F40: =H40+J40+L40+N40+P40+R40 -> 150 | K40: 500 | L40: 150 | X40: =INT((E40)/5965) -> 0 | Y40: =SUM(Z40:AB40) -> #REF! | Z40: 0 | AA40: =(V40+#REF!+#REF!)*[1]зп!$E$3*12*0.13*0.735/1000+X40*[1]зп!$E$2*12*0.13*0.735/1000 -> #REF! | AB40: =(V40+#REF!+#REF!)*[1]зп!$E$3*12*0.13*0.265/1000+X40*[1]зп!$E$2*12*0.13*0.265/1000 -> #REF!
A41: 3.2.10. | B41: Реализация мероприятий в сфере энергосбережения и повышения энергетической эффективности, что позволит решить задачи по повышению эффективности использования энергоресурсов в городском хозяйстве, сократить затраты населения и бюджетные средства на оплату потребляемых ресурсов | C41: МП города Усолье-Сибирское "Развитие жилищно-коммунального хозяйства" на 2015-2018 годы, ГП Иркутской области "Развитие жилищно-коммунального хозяйства Иркутской области" на 2014 - 2018 годы | D41: 2015 | E41: =G41+I41+K41+M41+O41+Q41 -> 4000 | F41: =H41+J41+L41+N41+P41+R41 -> 4341 | J41: 1312 | K41: 4000 | L41: 3029 | X41: =INT((E41)/5965) -> 0 | Y41: =SUM(Z41:AB41) -> #REF! | Z41: 0 | AA41: =(V41+#REF!+#REF!)*[1]зп!$E$3*12*0.13*0.735/1000+X41*[1]зп!$E$2*12*0.13*0.735/1000 -> #REF! | AB41: =(V41+#REF!+#REF!)*[1]зп!$E$3*12*0.13*0.265/1000+X41*[1]зп!$E$2*12*0.13*0.265/1000 -> #REF!
A42: 3.2.11. | B42: Повышение эффективности использования энергоресурсов в городском хозяйстве, сокращение затрат населения и бюджетных средств на оплату потребляемых ресурсов (реконструкция тепловых узлов, систем отопления и утепление ограждающих конструкций бюджетных учреждений) | C42: Внебюджетные источники | D42: 2015 | E42: =G42+I42+K42+M42+O42+Q42 -> 27634 | F42: =H42+J42+L42+N42+P42+R42 -> 28965 | M42: 27634 | N42: 28965 | X42: =INT((E42)/5965) -> 4 | Y42: =SUM(Z42:AB42) -> #REF! | Z42: 0 | AA42: =(V42+#REF!+#REF!)*[1]зп!$E$3*12*0.13*0.735/1000+X42*[1]зп!$E$2*12*0.13*0.735/1000 -> #REF! | AB42: =(V42+#REF!+#REF!)*[1]зп!$E$3*12*0.13*0.265/1000+X42*[1]зп!$E$2*12*0.13*0.265/1000 -> #REF!
A43: 3.3. ЖИЛИЩНОЕ ХОЗЯЙСТВО
A44: 3.3.1. | B44: Проведение капитального ремонта многоквартирных домов | C44: Фонд содействия реформированию ЖКХ, МП города Усолье-Сибирское "Развитие жилищно-коммунального хозяйства" на 2015-2018 годы, ГП Иркутской области "Развитие жилищно-коммунального хозяйства Иркутской области" на 2014-2018 годы, Фонд капитального ремонта многоквартирных домов Иркутской области | D44: 2015 | E44: =G44+I44+K44+M44+O44+Q44 -> 57116 | F44: =H44+J44+L44+N44+P44+R44 -> 68998 | J44: 1013 | K44: 2970 | L44: 3000 | N44: 62015 | Q44: 54146 | R44: 2970 | X44: 0 | Y44: =SUM(Z44:AB44) -> #REF! | Z44: 0 | AA44: =(V44+#REF!+#REF!)*[1]зп!$E$3*12*0.13*0.735/1000+X44*[1]зп!$E$2*12*0.13*0.735/1000 -> #REF! | AB44: =(V44+#REF!+#REF!)*[1]зп!$E$3*12*0.13*0.265/1000+X44*[1]зп!$E$2*12*0.13*0.265/1000 -> #REF!
A45: 3.3.2. | B45: Переселение граждан из аварийного и ветхого жилого фонда | C45: МП города Усолье-Сибирское "Обеспечение населения доступным жильем " на 2015-2018 годы, Фонд содействия реформированию ЖКХ, ГП Иркутской области "Доступное жилье" на 2014-2020 годы | D45: 2015 | E45: =G45+I45+K45+M45+O45+Q45 -> 183361 | F45: =H45+J45+L45+N45+P45+R45 -> 181865 | I45: 80371 | J45: 80371 | K45: 2751 | L45: 1255 | Q45: =100239 -> 100239 | R45: =100239 -> 100239 | X45: =INT((E45)/5965) -> 30 | Y45: =SUM(Z45:AB45) -> #REF! | Z45: 0 | AA45: =(V45+#REF!+#REF!)*[1]зп!$E$3*12*0.13*0.735/1000+X45*[1]зп!$E$2*12*0.13*0.735/1000 -> #REF! | AB45: =(V45+#REF!+#REF!)*[1]зп!$E$3*12*0.13*0.265/1000+X45*[1]зп!$E$2*12*0.13*0.265/1000 -> #REF!
A46: 3.3.3. | B46: Обеспечение жильем молодых семей | C46: МП города Усолье-Сибирское "Обеспечение населения доступным жильем " на 2015-2018 годы, подпрограмма "Молодым семьям-доступное жилье" на 2014-2020 годы государственной программы Иркутской области "Доступное жилье" на 2014-2020 годы | D46: 2015 | E46: =G46+I46+K46+M46+O46+Q46 -> 984 | F46: =H46+J46+L46+N46+P46+R46 -> 1063 | I46: 492 | J46: 571 | K46: 492 | L46: 492 | X46: =INT((E46)/5965) -> 0 | Y46: =SUM(Z46:AB46) -> #REF! | Z46: 0 | AA46: =(V46+#REF!+#REF!)*[1]зп!$E$3*12*0.13*0.735/1000+X46*[1]зп!$E$2*12*0.13*0.735/1000 -> #REF! | AB46: =(V46+#REF!+#REF!)*[1]зп!$E$3*12*0.13*0.265/1000+X46*[1]зп!$E$2*12*0.13*0.265/1000 -> #REF!
A47: 3.4. ОХРАНА ОКРУЖАЮЩЕЙ СРЕДЫ
A48: 3.4.1. | B48: Демеркуризация цеха ртутного электролиза ООО "Усольехимпром" | C48: ГП Иркутской области "Охрана окружающей среды" на 2014-2018 годы ФЦП "Охрана озера Байкал и социально-экономическое развитие Байкальской природной территории на 2012-2020 годы" | D48: 2015 | E48: =G48+I48+K48+M48+O48+Q48 -> 3310 | F48: =H48+J48+L48+N48+P48+R48 -> 0 | I48: 3310 | X48: =INT((E48)/5965) -> 0 | Y48: =SUM(Z48:AB48) -> #REF! | Z48: 0 | AA48: =(V48+#REF!+#REF!)*[1]зп!$E$3*12*0.13*0.735/1000+X48*[1]зп!$E$2*12*0.13*0.735/1000 -> #REF! | AB48: =(V48+#REF!+#REF!)*[1]зп!$E$3*12*0.13*0.265/1000+X48*[1]зп!$E$2*12*0.13*0.265/1000 -> #REF!
A49: II. РАЗВИТИЕ СОЦИАЛЬНОЙ СФЕРЫ
A50: ЗАДАЧА 4. РАЗВИТИЕ СОЦИАЛЬНОЙ ИНФРАСТРУКТУРЫ ГОРОДА
B51: ИТОГО ПО РАЗВИТИЮ СОЦИАЛЬНОЙ СФЕРЫ | D51: 2015 | E51: =+E54+E56+E58 -> 7990 | F51: =+F54+F56+F58 -> 4598 | G51: =+G54+G56+G58 -> 0 | H51: =+H54+H56+H58 -> 0 | I51: =+I54+I56+I58 -> 7144 | J51: =+J54+J56+J58 -> 3918 | K51: =+K54+K56+K58 -> 846 | L51: =+L54+L56+L58 -> 680 | ... U51: =+U54+U56+U58 -> 0 | V51: =V54+V55+V56+V58 -> 40 | W51: =W54+W55+W56+W58 -> 34 | X51: =#REF!+#REF!+#REF!+X54+#REF!+#REF!+#REF!+#REF!+#REF!+#REF!+#REF!+#REF!+X58+#REF!+#REF!+#REF! -> #REF! | Y51: =#REF!+#REF!+#REF!+Y54+#REF!+#REF!+#REF!+#REF!+#REF!+#REF!+#REF!+#REF!+Y58+#REF!+#REF!+#REF! -> #REF! | Z51: =#REF!+#REF!+#REF!+Z54+#REF!+#REF!+#REF!+#REF!+#REF!+#REF!+#REF!+#REF!+Z58+#REF!+#REF!+#REF! -> #REF! | AA51: =#REF!+#REF!+#REF!+AA54+#REF!+#REF!+#REF!+#REF!+#REF!+#REF!+#REF!+#REF!+AA58+#REF!+#REF!+#REF! -> #REF! | AB51: =#REF!+#REF!+#REF!+AB54+#REF!+#REF!+#REF!+#REF!+#REF!+#REF!+#REF!+#REF!+AB58+#REF!+#REF!+#REF! -> #REF! | AC51: =#REF!+#REF!+#REF!+#REF! -> #REF! | AD51: =#REF!+#REF!+#REF!+#REF! -> #REF! | AE51: =#REF!+#REF!+#REF!+#REF!+#REF!+#REF!+#REF!+#REF!+#REF!+#REF!+#REF!+#REF!+#REF!+#REF!+#REF!+#REF!+#REF!+#REF!+AD51*0.35 -> #REF!
B52: ИСПОЛНЕНИЕ: | F52: =F51/E51 -> 0.57546934 | H52: - | J52: =J51/I51 -> 0.54843225 | L52: =L51/K51 -> 0.80378251 | N52: - | P52: - | R52: - | W52: =W51/V51 -> 0.85
A53: 4.1. ОБРАЗОВАНИЕ
A54: 4.1.4. | B54: Проведение капитального ремонта вновь открываемых групп МБДОУ: 2013 г. – №№ 1(2), 5(1), 6(1), 8(1), № 22(2), 33(1), 40(1), 43(1), 44(1); 2014 г. - № 22 (5); 2015 г. - № 40(1); 2016 г. - №№ 5(1), 6(1), 29(1) | C54: МП города Усолье-Сибирское "Развитие образования" на 2015-2018 годы, ГП Иркутской области "Развитие образования" на 2014-2018 годы | D54: 2015 | E54: =G54+I54+K54+M54+O54+Q54 -> 2920 | F54: =H54+J54+L54+N54+P54+R54 -> 0 | I54: 2774 | K54: 146 | V54: 6 | W54: 0 | X54: =INT((E54)/5965) -> 0 | Y54: =SUM(Z54:AB54) -> #REF! | Z54: 0 | AA54: =(V54+#REF!+#REF!)*[1]зп!$E$3*12*0.13*0.735/1000+X54*[1]зп!$E$2*12*0.13*0.735/1000 -> #REF! | AB54: =(V54+#REF!+#REF!)*[1]зп!$E$3*12*0.13*0.265/1000+X54*[1]зп!$E$2*12*0.13*0.265/1000 -> #REF!
A55: 4.1.5. | B55: Приобретение зданий, пригодных для оказания образовательных услуг детям дошкольного возраста (МБДОУ "Детский сад № 2") | C55: ГП Иркутской области "Развитие образования" на 2014-2018 годы | D55: 2015 | E55: =G55+I55+K55+M55+O55+Q55 -> 0 | F55: =H55+J55+L55+N55+P55+R55 -> 0 | V55: 34 | W55: 34 | X55: =INT((E55)/5965) -> 0 | Y55: =SUM(Z55:AB55) -> #REF! | Z55: 0 | AA55: =(V55+#REF!+#REF!)*[1]зп!$E$3*12*0.13*0.735/1000+X55*[1]зп!$E$2*12*0.13*0.735/1000 -> #REF! | AB55: =(V55+#REF!+#REF!)*[1]зп!$E$3*12*0.13*0.265/1000+X55*[1]зп!$E$2*12*0.13*0.265/1000 -> #REF!
A56: 4.1.6. | B56: Укрепление и модернизация материально-технической базы школ (ремонт пищеблоков: косметический ремонт, замена трубопроводов горячего и холодного водоснабжения, замена окон) (2013 г.- СОШ № 3; 2014-2015гг. - Гимназия № 9; 2016 г.- СОШ № 13; 2017 г. - Гимназия № 1) | C56: МП города Усолье-Сибирское "Развитие образования" на 2015-2018 годы, ГП Иркутской области "Развитие образования" на 2014-2018 годы | D56: 2015 | E56: =G56+I56+K56+M56+O56+Q56 -> 1120 | F56: =H56+J56+L56+N56+P56+R56 -> 1518 | I56: 420 | J56: 838 | K56: 700 | L56: 680 | V56: 0 | W56: 0 | X56: =INT((E56)/5965) -> 0 | Y56: =SUM(Z56:AB56) -> #REF! | Z56: 0 | AA56: =(V56+#REF!+#REF!)*[1]зп!$E$3*12*0.13*0.735/1000+X56*[1]зп!$E$2*12*0.13*0.735/1000 -> #REF! | AB56: =(V56+#REF!+#REF!)*[1]зп!$E$3*12*0.13*0.265/1000+X56*[1]зп!$E$2*12*0.13*0.265/1000 -> #REF!
A57: 4.3. ФИЗКУЛЬТУРА И СПОРТ
A58: 4.3.3. | B58: Размещение скейтпарка в районе стадиона МБУ "СК "Химик» | C58: ГП Иркутской области "Экономическое развитие и инновационная экономика" на 2015 - 2020 годы (проект "Народные инициативы") | D58: 2015 | E58: =G58+I58+K58+M58+O58+Q58 -> 3950 | F58: =H58+J58+L58+N58+P58+R58 -> 3080 | I58: 3950 | J58: 3080 | X58: =INT((E58)/5965) -> 0 | Y58: =SUM(Z58:AB58) -> #REF! | Z58: 0 | AA58: =(V58+#REF!+#REF!)*[1]зп!$E$3*12*0.13*0.735/1000+X58*[1]зп!$E$2*12*0.13*0.735/1000 -> #REF! | AB58: =(V58+#REF!+#REF!)*[1]зп!$E$3*12*0.13*0.265/1000+X58*[1]зп!$E$2*12*0.13*0.265/1000 -> #REF!
A59: ЗАДАЧА 5. СОДЕЙСТВИЕ ЗАНЯТОСТИ НАСЕЛЕНИЯ*
B60: ИТОГО ПО СОДЕЙСТВИЮ ЗАНЯТОСТИ НАСЕЛЕНИЯ | D60: 2015 | E60: =G60+I60+K60+M60+O60+Q60 -> 5570 | F60: =H60+J60+L60+N60+P60+R60 -> 5696 | G60: =G62+G63+G64+G65+G66+G67+G68+G69+G70+G71+G72 -> 1018 | H60: =H62+H63+H64+H65+H66+H67+H68+H69+H70+H71+H72 -> 1126 | I60: =I62+I63+I64+I65+I66+I67+I68+I69+I70+I71+I72 -> 4552 | J60: =J62+J63+J64+J65+J66+J67+J68+J69+J70+J71+J72 -> 2802 | K60: =K62+K63+K64+K65+K66+K67+K68+K69+K70+K71+K72 -> 0 | L60: =L62+L63+L64+L65+L66+L67+L68+L69+L70+L71+L72 -> 661 | M60: =M62+M63+M64+M65+M66+M67+M68+M69+M70+M71+M72 -> 0 | N60: =N62+N63+N64+N65+N66+N67+N68+N69+N70+N71+N72 -> 1107 | ... R60: =R62+R63+R64+R65+R66+R67+R68+R69+R70+R71+R72 -> 0 | U60: =U72+#REF!+#REF!+#REF!+#REF!+#REF! -> #REF! | V60: =V62+V63+V64+V65+V66+V67+V68+V69+V70+V71+V72 -> 20 | W60: =W62+W63+W64+W65+W66+W67+W68+W69+W70+W71+W72 -> 22 | X60: =X62+X63+X64+X65+X66+X67+X68+X69+X70+X71+X72 -> 950 | Y60: =Y62+Y63+Y64+Y65+Y66+Y67+Y68+Y69+Y70+Y71+Y72 -> #REF! | Z60: =Z62+Z63+Z64+Z65+Z66+Z67+Z68+Z69+Z70+Z71+Z72 -> 0 | AA60: =AA62+AA63+AA64+AA65+AA66+AA67+AA68+AA69+AA70+AA71+AA72 -> #REF! | AB60: =AB62+AB63+AB64+AB65+AB66+AB67+AB68+AB69+AB70+AB71+AB72 -> #REF!
B61: ИСПОЛНЕНИЕ: | F61: =F60/E60 -> 1.0226212 | H61: =H60/G60 -> 1.1060904 | J61: =J60/I60 -> 0.6155536 | L61: - | N61: - | P61: - | R61: - | W61: =W60/V60 -> 1.1
A62: 5.1. | B62: Организация ярмарок вакансий и учебных рабочих мест | C62: ВЦП "Содействие занятости населения Иркутской области на 2014-2018 годы" | D62: 2015 | E62: =G62+I62+K62+M62+O62+Q62 -> 118 | F62: =H62+J62+L62+N62+P62+R62 -> 64 | I62: 118 | J62: 64 | T62: 15 | X62: =INT((E62)/5965) -> 0 | Y62: =SUM(Z62:AB62) -> #REF! | Z62: 0 | AA62: =(V62+#REF!+#REF!)*[2]зп!$E$3*12*0.13*0.735/1000+X62*[2]зп!$E$2*12*0.13*0.735/1000 -> #REF! | AB62: =(V62+#REF!+#REF!)*[2]зп!$E$3*12*0.13*0.265/1000+X62*[2]зп!$E$2*12*0.13*0.265/1000 -> #REF!
A63: 5.2. | B63: Профессиональное обучение и дополнительное профессиональное образование безработных граждан | C63: ВЦП "Содействие занятости населения Иркутской области на 2012-2014 годы", ВЦП "Содействие занятости населения Иркутской области на 2014-2018 годы" | D63: 2015 | E63: =G63+I63+K63+M63+O63+Q63 -> 1966 | F63: =H63+J63+L63+N63+P63+R63 -> 1267 | I63: 1966 | J63: 1267 | T63: 272 | X63: =INT((E63)/5965) -> 0 | Y63: =SUM(Z63:AB63) -> #REF! | Z63: 0 | AA63: =(V63+#REF!+#REF!)*[2]зп!$E$3*12*0.13*0.735/1000+X63*[2]зп!$E$2*12*0.13*0.735/1000 -> #REF! | AB63: =(V63+#REF!+#REF!)*[2]зп!$E$3*12*0.13*0.265/1000+X63*[2]зп!$E$2*12*0.13*0.265/1000 -> #REF!
A64: 5.3. | B64: Организация проведения общественных работ | C64: ВЦП "Содействие занятости населения Иркутской области на 2012-2014 годы", ВЦП "Содействие занятости населения Иркутской области на 2014-2018 годы" | D64: 2015 | E64: =G64+I64+K64+M64+O64+Q64 -> 208 | F64: =H64+J64+L64+N64+P64+R64 -> 743 | I64: 208 | J64: 60 | L64: 50 | N64: 633 | T64: 203 | X64: =T64 -> 203 | Y64: =SUM(Z64:AB64) -> #REF! | Z64: 0 | AA64: =(V64+#REF!+#REF!)*[2]зп!$E$3*12*0.13*0.735/1000+X64*[2]зп!$E$2*12*0.13*0.735/1000 -> #REF! | AB64: =(V64+#REF!+#REF!)*[2]зп!$E$3*12*0.13*0.265/1000+X64*[2]зп!$E$2*12*0.13*0.265/1000 -> #REF!
A65: 5.4. | B65: Организация профессиональной ориентации граждан | C65: ВЦП "Содействие занятости населения Иркутской области на 2012-2014 годы", ВЦП "Содействие занятости населения Иркутской области на 2014-2018 годы" | D65: 2015 | E65: =G65+I65+K65+M65+O65+Q65 -> 56 | F65: =H65+J65+L65+N65+P65+R65 -> 37 | I65: 56 | J65: 37 | T65: 3705 | X65: 0 | Y65: =SUM(Z65:AB65) -> #REF! | Z65: 0 | AA65: =(V65+#REF!+#REF!)*[2]зп!$E$3*12*0.13*0.735/1000+X65*[2]зп!$E$2*12*0.13*0.735/1000 -> #REF! | AB65: =(V65+#REF!+#REF!)*[2]зп!$E$3*12*0.13*0.265/1000+X65*[2]зп!$E$2*12*0.13*0.265/1000 -> #REF!
A66: 5.5. | B66: Организация временного трудоустройства несовершеннолетних граждан в возрасте от 14 до 18 лет в свободное от учебы время | C66: ВЦП "Содействие занятости населения Иркутской области на 2012-2014 годы", ВЦП "Содействие занятости населения Иркутской области на 2014-2018 годы" | D66: 2015 | E66: =G66+I66+K66+M66+O66+Q66 -> 1054 | F66: =H66+J66+L66+N66+P66+R66 -> 1221 | I66: 1054 | J66: 427 | L66: 611 | N66: 183 | T66: 685 | X66: =T66 -> 685 | Y66: =SUM(Z66:AB66) -> #REF! | Z66: 0 | AA66: =(V66+#REF!+#REF!)*[2]зп!$E$3*12*0.13*0.735/1000+X66*[2]зп!$E$2*12*0.13*0.735/1000 -> #REF! | AB66: =(V66+#REF!+#REF!)*[2]зп!$E$3*12*0.13*0.265/1000+X66*[2]зп!$E$2*12*0.13*0.265/1000 -> #REF!
A67: 5.6. | B67: Организация содействия самозанятости безработным граждан | C67: ВЦП "Содействие занятости населения Иркутской области на 2014-2018 годы" | D67: 2015 | E67: =G67+I67+K67+M67+O67+Q67 -> 362 | F67: =H67+J67+L67+N67+P67+R67 -> 302 | I67: 362 | J67: 302 | T67: 6 | V67: 6 | W67: 5 | X67: 0 | Y67: =SUM(Z67:AB67) -> #REF! | Z67: 0 | AA67: =(V67+#REF!+#REF!)*[2]зп!$E$3*12*0.13*0.735/1000+X67*[2]зп!$E$2*12*0.13*0.735/1000 -> #REF! | AB67: =(V67+#REF!+#REF!)*[2]зп!$E$3*12*0.13*0.265/1000+X67*[2]зп!$E$2*12*0.13*0.265/1000 -> #REF!
A68: 5.7. | B68: Организация стажировок выпускников образовательных учреждений | C68: ВЦП "Организация стажировок выпускников организаций, осуществляющих образовательную деятельность, в целях приобретения ими опыта работы в Иркутской области" на 2014-2018 годы | D68: 2015 | E68: =G68+I68+K68+M68+O68+Q68 -> 586 | F68: =H68+J68+L68+N68+P68+R68 -> 488 | I68: 586 | J68: 488 | T68: 16 | X68: =T68 -> 16 | Y68: =SUM(Z68:AB68) -> #REF! | Z68: 0 | AA68: =(V68+#REF!+#REF!)*[2]зп!$E$3*12*0.13*0.735/1000+X68*[2]зп!$E$2*12*0.13*0.735/1000 -> #REF! | AB68: =(V68+#REF!+#REF!)*[2]зп!$E$3*12*0.13*0.265/1000+X68*[2]зп!$E$2*12*0.13*0.265/1000 -> #REF!
A69: 5.8. | B69: Организация временного трудоустройства граждан, испытывающих трудности в поиске работы | C69: ВЦП "Содействие занятости населения Иркутской области на 2014-2018 годы" | D69: 2015 | E69: =G69+I69+K69+M69+O69+Q69 -> 60 | F69: =H69+J69+L69+N69+P69+R69 -> 271 | I69: 60 | J69: 24 | N69: 247 | T69: 39 | X69: 39 | Y69: =SUM(Z69:AB69) -> #REF! | Z69: 0 | AA69: =(V69+#REF!+#REF!)*[2]зп!$E$3*12*0.13*0.735/1000+X69*[2]зп!$E$2*12*0.13*0.735/1000 -> #REF! | AB69: =(V69+#REF!+#REF!)*[2]зп!$E$3*12*0.13*0.265/1000+X69*[2]зп!$E$2*12*0.13*0.265/1000 -> #REF!
A70: 5.9. | B70: Профессиональное обучение, дополнительное профессиональное образование женщин в период отпуска по уходу за ребенком по достижению им возраста трех лет | C70: ВЦП "Содействие занятости населения Иркутской области на 2014-2018 годы" | D70: 2015 | E70: =G70+I70+K70+M70+O70+Q70 -> 134 | F70: =H70+J70+L70+N70+P70+R70 -> 127 | I70: 134 | J70: 127 | T70: 13 | X70: =INT((E70)/5965) -> 0 | Y70: =SUM(Z70:AB70) -> #REF! | Z70: 0 | AA70: =(V70+#REF!+#REF!)*[2]зп!$E$3*12*0.13*0.735/1000+X70*[2]зп!$E$2*12*0.13*0.735/1000 -> #REF! | AB70: =(V70+#REF!+#REF!)*[2]зп!$E$3*12*0.13*0.265/1000+X70*[2]зп!$E$2*12*0.13*0.265/1000 -> #REF!
A71: 5.10. | B71: Трудоустройство незанятых инвалидов, многодетных родителей, родителей воспитывающих детей-инвалидов, на оборудованные (оснащенные) для них рабочие места | C71: ВЦП "Содействие в трудоустройстве незанятых инвалидов, многодетных родителей, родителей, воспитывающих детей-инвалидов, на оборудованные (оснащенные) рабочие места в Иркутской области" на 2014-2018 годы | D71: 2015 | E71: =G71+I71+K71+M71+O71+Q71 -> 1019 | F71: =H71+J71+L71+N71+P71+R71 -> 1127 | G71: 1018 | H71: 1126 | I71: 1 | J71: 1 | T71: 14 | V71: 14 | W71: 17 | X71: =INT((E71)/5965) -> 0 | Y71: =SUM(Z71:AB71) -> #REF! | Z71: 0 | AA71: =(V71+#REF!+#REF!)*[2]зп!$E$3*12*0.13*0.735/1000+X71*[2]зп!$E$2*12*0.13*0.735/1000 -> #REF! | AB71: =(V71+#REF!+#REF!)*[2]зп!$E$3*12*0.13*0.265/1000+X71*[2]зп!$E$2*12*0.13*0.265/1000 -> #REF!
A72: 5.11. | B72: Организация временного трудоустройства безработных граждан в возрасте от 18 до 20 лет, имеющих среднее профессиональное образование и ищущих работу впервые | C72: ВЦП "Содействие занятости населения Иркутской области на 2014-2018 годы" | D72: 2015 | E72: =G72+I72+K72+M72+O72+Q72 -> 7 | F72: =H72+J72+L72+N72+P72+R72 -> 49 | I72: 7 | J72: 5 | N72: 44 | T72: 7 | X72: 7 | Y72: =SUM(Z72:AB72) -> #REF! | Z72: 0 | AA72: =(V72+#REF!+#REF!)*[2]зп!$E$3*12*0.13*0.735/1000+X72*[2]зп!$E$2*12*0.13*0.735/1000 -> #REF! | AB72: =(V72+#REF!+#REF!)*[2]зп!$E$3*12*0.13*0.265/1000+X72*[2]зп!$E$2*12*0.13*0.265/1000 -> #REF!
A73: * | B73: Плановые показатели указаны в соответствии с общими (без разделения на город и район) лимитами бюджетных обязательств, утвержденными министерством труда и занятости Иркутской области. Фактическое исполнение мероприятий указано только по городу Усолье-Сибирское.
B75: Глава администрации города Усолье-Сибирское | O75: О.П. Жилкин
